 Dungeon Crawl Stone Soup version 0.31-a0-981-geadf994542 (webtiles) character file.

Game seed: 2120308139191299098

1681483 Gladio the Wrestler (level 27, 233/233 HPs)
             Began as a Gnoll Fighter on Oct 31, 2023.
             Was a High Priest of Ashenzari.
             Escaped with the Orb
             ... and 3 runes!
             The game lasted 02:48:58 (71019 turns).

Gladio the Wrestler (Gnoll Fighter)                Turns: 71019, Time: 02:48:58

Health: 233/233    AC: 38    Str: 22    XL:     27
Magic:  44/44      EV: 13    Int:  7    God:    Ashenzari [*****.]
Gold:   4266       SH: 23    Dex: 15    Spells: 25/69 levels left

rFire   + + +        q - +9 broad axe (vamp)
rCold   + + .        J - +0 tower shield of the Prescient Planets {Melee, Fort} (curse)
rNeg    + + .        b - +6 gold dragon scales
rPois   +            T - +0 mask of the Dragon {Will+ Slay+3 SInv, Fort, Melee} (curse)
rElec   +            P - +2 ratskin cloak {*Rats rPois rN+ Str-1 Int-1 Dex+1, Cun, Bglg} (curse)
rCorr   +            V - +2 pair of gloves of Cremastomancy {rElec Slay+2, Melee, Elem} (curse)
SInv    +            f - +0 pair of boots of the Chained Sky {Melee, Bglg} (curse)
Will    +++..        Z - macabre finger necklace {Finger+ rN+, Self, Elem} (curse)
Stlth   +            m - ring "Share My Discomfort" {AC+4, Self, Elem} (curse)
HPRegen 0.58/turn    E - ring of the Distant Seer {Slay+4, Alch, Melee} (curse)
MPRegen 0.29/turn    s - ring "Lyido" {Fly rF++ rCorr SInv}

%: clarity
@: flying, studying Polearms
A: fangs 2, strong nose, distributed training, cold resistance 1, deformed body,
low MP 1, weak 2
0: Orb of Zot
}: 3/15 runes: barnacled, slimy, gossamer
a: Renounce Religion, Curse Item, Shatter the Chains


You escaped.
You worshipped Ashenzari.
Ashenzari was extremely pleased with you.
You visited 12 branches of the dungeon, and saw 55 of its levels.
You visited 1 bazaar.

You collected 7938 gold pieces.
You spent 3672 gold pieces at shops.

Inventory:

Hand Weapons
 q - a +9 vampiric broad axe (weapon)
Missiles
 n - 50 poisoned darts
 G - 11 throwing nets
 L - 18 curare-tipped darts
 Q - 9 javelins
Armour
 b - +6 gold dragon scales (worn)
 f - the cursed +0 pair of boots of the Chained Sky (worn) {Melee, Bglg}
   (You found it on level 4 of the Spider Nest)

   It has a curse which improves the following skills: Melee Combat: Short
   Blades, Long Blades, Axes, Maces & Flails, Polearms, Staves and Unarmed
   Combat.
   Beguiling: Conjurations, Hexes and Translocations.
 J - the cursed +0 tower shield of the Prescient Planets (worn) {Melee, Fort}
   (You found it on level 7 of the Dungeon)

   It has a curse which improves the following skills: Melee Combat: Short
   Blades, Long Blades, Axes, Maces & Flails, Polearms, Staves and Unarmed
   Combat.
   Fortitude: Armour and Shields.
 P - the cursed +2 ratskin cloak (worn) {*Rats rPois rN+ Str-1 Int-1 Dex+1, Cun, Bglg}
   (You found it on level 6 of the Dungeon)

   *Rats:     When the wearer is hurt, rats may emerge from it to assist them.
   Str-1:     It affects your strength (-1).
   Int-1:     It affects your intelligence (-1).
   Dex+1:     It affects your dexterity (+1).
   rPois:     It protects you from poison rN+: It protects you from negative
   energy.
   It has a curse which improves the following skills: Cunning: Dodging and
   Stealth.
   Beguiling: Conjurations, Hexes and Translocations.
 T - the cursed +0 mask of the Dragon (worn) {Will+ Slay+3 SInv, Fort, Melee}
   (You found it on level 7 of the Dungeon)

   Slay+3:    It affects your accuracy & damage with ranged weapons and melee
   (+3).
   Will+:     It increases your willpower.
   SInv:      It lets you see invisible.
   It has a curse which improves the following skills: Fortitude: Armour and
   Shields.
   Melee Combat: Short Blades, Long Blades, Axes, Maces & Flails, Polearms,
   Staves and Unarmed Combat.
 V - the cursed +2 pair of gloves of Cremastomancy (worn) {rElec Slay+2, Melee, Elem}
   (You found it on level 5 of the Lair of Beasts)

   Slay+2:    It affects your accuracy & damage with ranged weapons and melee
   (+2).
   rElec:     It insulates you from electricity.
   It has a curse which improves the following skills: Melee Combat: Short
   Blades, Long Blades, Axes, Maces & Flails, Polearms, Staves and Unarmed
   Combat.
   Elements:  Fire Magic, Ice Magic, Air Magic and Earth Magic.
Jewellery
 c - an amulet of reflection
 h - a ring of willpower
 m - the cursed ring "Share My Discomfort" (left hand) {AC+4, Self, Elem}
   (You found it on level 2 of the Dungeon)

   [ring of protection]

   AC+4:      It affects your AC (+4).
   It has a curse which improves the following skills: Introspection: Fighting
   and Spellcasting.
   Elements:  Fire Magic, Ice Magic, Air Magic and Earth Magic.
 s - the ring "Lyido" (on amulet) {Fly rF++ rCorr SInv}
   (You took it off a deep elf sorcerer on level 3 of the Elven Halls)

   [ring of resist corrosion]

   rF++:      It greatly protects you from fire.
   SInv:      It lets you see invisible.
   Fly:       It grants you flight.
   rCorr:     It protects you from acid and corrosion.
 u - a ring of protection from cold
 y - a ring of positive energy
 E - the cursed ring of the Distant Seer (right hand) {Slay+4, Alch, Melee}
   (You found it on level 5 of the Dungeon)

   [ring of slaying]

   Slay+4:    It affects your accuracy & damage with ranged weapons and melee
   (+4).
   It has a curse which improves the following skills: Alchemy: Poison Magic and
   Transmutations.
   Melee Combat: Short Blades, Long Blades, Axes, Maces & Flails, Polearms,
   Staves and Unarmed Combat.
 H - the ring "Keonlyph" {rN+ Dex+3}
   (You took it off a gnoll bouda on level 5 of the Dungeon)

   [ring of positive energy]

   Dex+3:     It affects your dexterity (+3).
   rN+:       It protects you from negative energy.
 Z - the cursed macabre finger necklace (around neck) {Finger+ rN+, Self, Elem}
   (You found it on level 3 of the Elven Halls)

   [amulet of nothing]

   Finger+:   It enables you to equip an extra ring.
   rN+:       It protects you from negative energy.
   It has a curse which improves the following skills: Introspection: Fighting
   and Spellcasting.
   Elements:  Fire Magic, Ice Magic, Air Magic and Earth Magic.
Wands
 k - a wand of digging (16)
 w - a wand of polymorph (33)
 D - a wand of iceblast (39)
 O - a wand of acid (7)
 R - a wand of flame (81)
 S - a wand of mindburst (43)
 X - a wand of charming (65)
Scrolls
 e - 8 scrolls of revelation
 g - 5 scrolls of enchant weapon
 l - 19 scrolls of teleportation
 p - 2 scrolls of vulnerability
 x - 8 scrolls of fog
 B - 6 scrolls of poison
 C - 5 scrolls of silence
 F - 4 scrolls of immolation
 I - 5 scrolls of butterflies
 K - 6 scrolls of fear
Potions
 d - 4 potions of might
 i - 8 potions of cancellation
 j - 2 potions of invisibility
 o - 10 potions of heal wounds
 r - 5 potions of resistance
 t - 23 potions of curing
 z - 8 potions of lignification
 M - 10 potions of ambrosia
 N - 10 potions of brilliance
 U - 2 potions of mutation
 W - 5 potions of haste
 Y - 2 potions of magic
Miscellaneous
 a - a box of beasts
 v - a phantom mirror


   Skills:
 + Level 19.9(22.7) Fighting
 + Level 19.0(24.5) Short Blades
 + Level 19.0(24.5) Long Blades
 + Level 19.0(24.5) Axes
 + Level 19.0(24.5) Maces & Flails
 + Level 21.2(26.7) Polearms
 + Level 19.0(24.5) Staves
 + Level 19.0 Ranged Weapons
 + Level 19.0 Throwing
 + Level 19.9(22.7) Armour
 + Level 19.0(20.9) Dodging
 + Level 19.0(20.9) Stealth
 + Level 19.9(22.7) Shields
 + Level 24.4(27) Unarmed Combat
 + Level 19.0(21.9) Spellcasting
 + Level 16.2(19.2) Conjurations
 + Level 16.2(19.2) Hexes
 + Level 16.2 Summonings
 + Level 16.2 Necromancy
 + Level 16.2(19.2) Translocations
 + Level 16.2(18.2) Transmutations
 + Level 16.2(20.2) Fire Magic
 + Level 16.2(20.2) Ice Magic
 + Level 16.2(20.2) Air Magic
 + Level 16.2(20.2) Earth Magic
 + Level 16.2(18.2) Poison Magic
 + Level 20.5 Invocations
 + Level 19.0 Evocations
 + Level 17.5 Shapeshifting


You had 25 spell levels left.
You knew the following spells:

 Your Spells              Type           Power      Damage    Failure   Level
a - Apportation           Tloc           68%        N/A       1%          1
b - Poisonous Vapours     Pois/Air       68%        N/A       1%          2
c - Manifold Assault      Tloc           34%        N/A       1%          4
d - Gell's Gravitas       Tloc           34%        N/A       1%          3
e - Passage of Golubria   Tloc           34%        N/A       1%          4
f - Olgreb's Toxic Radia  Pois           33%        N/A       1%          4
g - Animate Dead          Necr           30%        N/A       1%          4
h - Alistair's Intoxicat  Tmut/Pois      22%        N/A       1%          5
i - Silence               Hex/Air        17%        N/A       1%          5
j - Summon Forest         Summ/Tloc      16%        N/A       1%          5
k - Wereblood             Tmut           33%        N/A       1%          2
l - Borgnjor's Vile Clut  Necr/Erth      16%        N/A       1%          5

Your spell library contained the following spells:

 Spells                   Type           Power      Damage    Failure   Level
 Magic Dart               Conj           100%       1d8       1%          1
 Necrotise                Necr           100%       1d9       1%          1
 Sandblast                Erth           72%        2d16      1%          1
 Sting                    Tmut/Pois      100%       1d8       1%          1
 Summon Small Mammal      Summ           100%       N/A       1%          1
 Blink                    Tloc           68%        N/A       1%          2
 Call Imp                 Summ           60%        N/A       1%          2
 Cigotuvi's Dreadful Rot  Necr/Pois/Air  66%        N/A       1%          2
 Jinxbite                 Hex            68%        N/A       1%          2
 Lesser Beckoning         Tloc           68%        N/A       1%          2
 Passwall                 Tmut/Erth      28%        N/A       1%          2
 Scorch                   Fire           72%        2d8       1%          2
 Static Discharge         Conj/Air       70%        3-6/arc   1%          2
 Sublimation of Blood     Necr           30%        N/A       1%          2
 Call Canine Familiar     Summ           30%        N/A       1%          3
 Dazzling Flash           Conj/Hex       68%        N/A       1%          3
 Frozen Ramparts          Ice            72%        1d11      1%          3
 Hailstorm                Conj/Ice       35%        3d9       1%          3
 Ignite Poison            Fire/Tmut/Pois 34%        N/A       1%          3
 Inner Flame              Hex/Fire       35%        N/A       1%          3
 Mephitic Cloud           Conj/Pois/Air  34%        N/A       1%          3
 Ozocubu's Armour         Ice            36%        N/A       1%          3
 Stone Arrow              Conj/Erth      70%        3d11      1%          3
 Summon Guardian Golem    Hex/Summ       32%        N/A       1%          3
 Teleport Other           Tloc           34%        N/A       1%          3
 Tukima's Dance           Hex            34%        N/A       1%          3
 Vampiric Draining        Necr           30%        2d8       1%          3
 Volatile Blastmotes      Fire/Tloc      70%        2d15      1%          3
 Airstrike                Air            18%        2d(3-19)  1%          4
 Anguish                  Hex/Necr       16%        N/A       1%          4
 Brom's Barrelling Bould  Conj/Erth      35%        2d5       1%          4
 Cause Fear               Hex            17%        N/A       1%          4
 Dispel Undead            Necr           30%        3d14      1%          4
 Leda's Liquefaction      Hex/Erth       17%        N/A       1%          4
 Petrify                  Tmut/Erth      34%        N/A       1%          4
 Summon Ice Beast         Ice/Summ       33%        N/A       1%          4
 Summon Lightning Spire   Summ/Air       33%        N/A       1%          4
 Vhi's Electric Charge    Tloc/Air       70%        N/A       1%          4
 Arcjolt                  Conj/Air       17%        1d27      1%          5
 Fireball                 Conj/Fire      17%        3d9       1%          5
 Irradiate                Conj/Tmut      16%        3d17      1%          5
 Iskenderun's Battlesphe  Conj           34%        2d9       1%          5
 Lee's Rapid Deconstruct  Erth           18%        3d11*     1%          5
 Metabolic Englaciation   Hex/Ice        17%        N/A       1%          5
 Summon Mana Viper        Hex/Summ       32%        N/A       1%          5
 Yara's Violent Unravell  Hex/Tmut       16%        3d8       1%          5
 Agony                    Necr           30%        N/A       3%          5
 Bombard                  Conj/Erth      17%        9d4       4%          6
 Conjure Ball Lightning   Conj/Air       17%        3x3d6     4%          6
 Plasma Beam              Fire/Air       18%        2x1d29    4%          6
 Starburst                Conj/Fire      17%        6d6       4%          6
 Dispersal                Tloc           17%        N/A       6%          6
 Simulacrum               Ice/Necr       16%        N/A       9%          6
 Death Channel            Necr           15%        N/A       21%         6
 Summon Cactus Giant      Summ           15%        N/A       21%         6
 Ozocubu's Refrigeration  Ice            18%        4d11      22%         7
 Enfeeble                 Hex            17%        N/A       32%         7
 Orb of Destruction       Conj           17%        9d7       32%         7
 Malign Gateway           Summ/Tloc      16%        N/A       52%         7
 Spellforged Servitor     Conj/Summ      16%        N/A       52%         7
 Haunt                    Necr/Summ      15%        N/A       75%         7
 Ignition                 Fire           18%        3d7       86%         8
 Maxwell's Capacitive Co  Air            18%        ∞         86%         8
 Lehudib's Crystal Spear  Conj/Erth      17%        10d5      91%         8
 Discord                  Hex            17%        N/A       95%         8
 Disjunction              Tloc           17%        N/A       95%         8
 Borgnjor's Revivificati  Necr           15%        N/A       100%        8
 Infestation              Necr           15%        N/A       100%        8
 Summon Horrible Things   Summ           15%        N/A       100%        8
 Death's Door             Necr           15%        N/A       100%        9
 Polar Vortex             Ice            18%        12d2*     100%        9


Dungeon Overview and Level Annotations

Branches:
Dungeon (15/15)            Temple (1/1) D:6            Lair (5/5) D:9
 Shoals (4/4) Lair:2       Spider (4/4) Lair:3        Slime (5/5) Lair:4
    Orc (2/2) D:11            Elf (3/3) Orc:2        Vaults (4/5) D:14
  Crypt (3/3) Vaults:2       Tomb (0/3) Crypt:3      Depths (4/4) D:15
    Zot (5/5) Depths:4

Altars:
Ashenzari
Cheibriados
Dithmenos
Elyvilon
Fedhas
Gozag
Hepliaklqana
Kikubaaqudgha
Makhleb
Nemelex Xobeh
Okawaru
Qazlal
Ru
Sif Muna
Trog
Uskayaw
Vehumet
Wu Jian
Xom
Yredelemnul
Zin
The Shining One
Jiyva

Shops:
D:4 =   D:9 (   D:10 =   D:15 **   Orc:2 ![*[   Elf:2 *   Shoals:2 :
Shoals:4 (   Vaults:1 ?([   Vaults:4 **

Portals:
Hell: Depths:1 Depths:2 Depths:3 Depths:4
Abyss: Depths:3
Pandemonium: Depths:1 Depths:2
Ziggurat: Depths:1

Annotations:
D:10 2 transporters, kal9871's ghost, journeyman TrSu
D:11 3 runed translucent doors, lis82's ghost, journeyman DgIE
D:12 1 runed translucent door, ripuliukko's ghost, journeyman GrEE
Lair:2 3 runed translucent doors, Jano's ghost, journeyman DjEE
Lair:4 2 transporters, ripuliukko's ghost, journeyman GrEE
Zot:4 1 runed translucent door, exclusion: door, Calu's ghost, legendary KoHu
Zot:5 1 exclusion


Innate Abilities, Weirdness & Mutations

You have extremely sharp teeth.
Your uncanny sense of smell can sniff out nearby items.
Your experience applies equally to all skills.
Your flesh is cold resistant. (rC+)
Armour fits poorly on your strangely shaped body.
Your magical capacity is low. (-10% MP)
You are very weak. (Str -4)


Message History

There is a stone staircase leading up here.
You can't go down here!
You fly upwards.
There is a stone staircase leading down here.
Aiming: Polymorph
Press: ? - help, Q - select action, (/) - cycle Shift-Dir - straight line, f - you
Okay, then.
Aiming: Dig
Press: ? - help, Q - select action, (/) - cycle Shift-Dir - straight line You can't see that place. [a rock wall.]
The rock shatters into small pieces.
You sense a monster nearby.
An Orb Guardian comes into view.
You completely miss the Orb Guardian. You block the Orb Guardian's attack.
You slash the Orb Guardian! Your bite misses the Orb Guardian.
The Orb Guardian is lightly wounded.
The Orb Guardian hits you but does no damage.
You slice the Orb Guardian!!
You bite the Orb Guardian, but do no damage.
The Orb Guardian is moderately wounded.
The Orb Guardian hits you but does no damage.
You slice the Orb Guardian!!
The Orb Guardian is severely wounded.
You block the Orb Guardian's attack.
You carve the Orb Guardian like a ham!!!
You kill the Orb Guardian!
No target in view!
No target in view!
No target in view!
No target in view!
No target in view!
No target in view!
No target in view!
No target in view!
No target in view!
No target in view!
You see here a +0 dagger.
There is a staircase leading out of the dungeon here.
You have escaped!

.♣♣♣.♣♣ ♣♣♣.♣ ♣♣
♣♣.♣♣♣ ♣.♣ ♣ ♣♣.)♣♣♣
♣♣.♣ ♣♣♣..♣ ♣..♣ ♣♣.♣
♣♣.♣♣ ♣♣.♣♣ ♣♣..♣♣ ♣♣
♣.♣♣ ♣.♣..♣♣♣ ≈♣**
♣♣.♣♣ ♣......♣
≈≈≈♣*♣.♣.♣♣♣♣♣..@..♣♣
*≈≈≈♣♣♣....♣..P...♣♣
*~~*♣ ♣♣♣P♣.P♣♣♣♣♣♣
**** ♣♣♣♣♣♣


There were no monsters in sight!

Vanquished Creatures
  the Royal Jelly (Slime:5)
  9 orbs of fire
  3 ancient liches (Zot:5)
  3 juggernauts (Depths:4)
  A royal mummy (Crypt:3)
  2 shard shrikes (Zot:2)
  A pandemonium lord (Depths:4)
  Margery (Depths:3)
  3 Killer Klowns
  2 curse toes (Zot:3)
  Nikola (Vaults:3)
  6 golden dragons
  2 profane servitors (Crypt:3)
  2 bone dragons
  the Enchantress (Depths:3)
  A Tzitzimitl (D:14)
  The ghost of Olga the Peltast, an adept FoFi of Okawaru (Elf:1)
  4 liches
  9 tentacled monstrosities
  A walking crystal tome (Depths:4)
  2 walking earthen tomes (Depths:4)
  26 Orb Guardians
  2 deep elf blademasters (Elf:3)
  2 deep elf master archers (Elf:3)
  6 quicksilver dragons
  2 titans
  8 death cobs
  2 sphinxes
  2 ancient champions
  17 acid blobs
  6 shadow dragons
  Kirke (D:14)
  8 storm dragons
  Aizul (Vaults:3)
  17 azure jellies
  A revenant (Crypt:1)
  6 fire giants
  6 draconian monks
  The ghost of Doitsug the Nimble, an adept KoAr of Ashenzari (Spider:4)
  Donald (Crypt:1)
  5 draconian knights
  An iron dragon (Depths:4)
  12 rockslimes
  14 frost giants
  6 emperor scorpions
  2 deep elf elementalists
  4 deep elf sorcerers (Elf:3)
  6 ghost moths
  10 vault wardens
  6 draconian shifters
  A draconian scorcher (Zot:1)
  3 spriggan defenders
  9 quicksilver oozes
  5 curse skulls
  26 very ugly things
  5 broodmothers
  5 draconian annihilators
  7 formless jellyfish
  10 ghouls
  13 stone giants
  2 draconian stormcallers
  5 ironbound thunderhulks
  2 war gargoyles (Vaults:4)
  13 ironbound preservers
  16 black draconians
  4 vampire knights
  12 green draconians
  Azrael (D:15)
  5 deep elf annihilators
  7 red draconians
  6 deep elf demonologists
  6 purple draconians
  9 white draconians
  8 yellow draconians
  A spark wasp (shapeshifter) (D:14)
  7 dire elephants
  A merfolk javelineer (Shoals:4)
  9 spark wasps
  A crystal guardian (Vaults:4)
  4 merfolk impalers
  10 deep elf death magi
  6 entropy weavers
  6 fire dragons
  19 eidola
  Josephine (D:15)
  7 ettins
  15 jiangshi
  7 yaktaur captains
  3 deep elf high priests
  10 great orbs of eyes
  A servant of whispers (Vaults:4)
  A spriggan zombie (Crypt:2)
  A sphinx zombie (Vaults:4)
  3 spriggan air magi
  8 vault guards
  5 hydras
  3 rakshasas (Depths:3)
  12 ice dragons
  2 jorogumos
  A merfolk avatar (Shoals:4)
  3 peacekeepers (Vaults:4)
  4 ogre magi (Orc:2)
  5 merfolk aquamancers
  14 boulder beetles
  9 centaur warriors
  A fenstrider witch skeleton (Crypt:2)
  Erica (D:11)
  A catoblepas (Lair:5)
  3 ironbound frosthearts
  8 death knights
  5 radroaches
  24 dancing weapons
  15 tengu warriors
  12 two-headed ogres
  7 death yaks (Lair:5)
  3 deep troll shamans
  An alligator snapping turtle (Shoals:4)
  A death scarab (Spider:2)
  An azure jelly zombie (Crypt:2)
  5 vampire magi
  7 satyrs
  9 spriggan berserkers
  2 occultists
  2 deep troll earth magi
  13 demonic crawlers
  A sun demon (Depths:2)
  Nergalle (D:11)
  Sonja (Lair:4)
  23 deep elf knights
  A shadow wraith (Crypt:2)
  A sixfirhy (D:2)
  37 skeletal warriors
  15 hell knights
  3 skysharks
  3 iron trolls
  A salamander mystic (Depths:3)
  9 pharaoh ants
  A shadow demon (D:7)
  53 deep trolls
  2 anaconda zombies
  A bunyip zombie (Crypt:3)
  12 sea snakes
  14 flayed ghosts
  6 orb spiders
  14 deep elf archers
  7 glowing orange brains
  16 ironbound convokers
  5 arcanists
  19 phantasmal warriors
  6 steelbarb worms
  22 ugly things
  9 lindwurms
  An obsidian statue (Zot:5)
  20 deep elf pyromancers
  24 deep elf zephyrmancers
  9 harpies
  A stone giant zombie (Depths:2)
  13 necromancers
  18 wolf spiders
  6 cyclopes
  26 fauns
  8 shining eyes
  A cyclops (shapeshifter) (D:10)
  16 manticores
  3 salamanders (Depths:3)
  16 elephants
  16 moths of wrath
  2 naga zombies
  A shadow dragon skeleton (Crypt:2)
  3 dire elephant zombies
  10 merfolk sirens
  A rust devil (D:8)
  18 vault sentinels
  8 water nymphs
  A centaur zombie (Crypt:3)
  4 black mambas
  2 human zombies
  2 eyes of devastation (Slime:5)
  A white draconian zombie (Crypt:2)
  12 torpor snails
  5 cane toads
  2 gargoyles
  A green draconian zombie (Crypt:2)
  6 rime drakes
  9 komodo dragons
  5 freezing wraiths
  3 efreet
  3 unseen horrors
  20 yaktaurs
  A tormentor (Depths:1)
  7 tengu conjurers
  A minotaur zombie (Crypt:3)
  An anaconda simulacrum (Crypt:2)
  A kobold demonologist (D:11)
  20 merfolk
  4 hydra zombies
  3 guardian mummies (Crypt:3)
  9 trolls
  4 meliai
  2 harpy zombies
  A polar bear (shapeshifter) (D:10)
  4 wind drakes
  Grinder (D:4)
  A moth of wrath zombie (Crypt:1)
  4 tyrant leeches (Lair:5)
  Prince Ribbit (Lair:2)
  3 polar bears
  A wind drake (shapeshifter) (D:15)
  15 hornets
  28 tarantellas
  An ice dragon zombie (Crypt:3)
  2 saltlings (Vaults:4)
  A glass eye (Depths:4)
  21 blink frogs
  95 slime creatures
  9 snapping turtles
  7 dream sheep
  18 culicivoras
  An ettin skeleton (Crypt:1)
  28 jumping spiders
  2 shadows
  A centaur simulacrum (D:14)
  A culicivora (shapeshifter) (D:13)
  8 flying skulls (Crypt:1)
  A vampire (D:10)
  2 black mamba zombies
  11 spriggans
  6 fire elementals
  2 spriggan skeletons
  17 water elementals
  A wind drake zombie (Crypt:1)
  A human (Vaults:1)
  13 wraiths
  5 wyverns
  7 hogs (D:14)
  An alligator snapping turtle simulacrum (Crypt:2)
  7 basilisks
  47 yaks
  A chaos spawn (D:14)
  A neqoxec (Depths:4)
  A steam dragon (D:8)
  A golden eye (Zot:1)
  The ghost of stonewall the Poker, an amateur MfGl (D:5)
  10 vampire mosquitoes
  58 redbacks
  A harpy simulacrum (Crypt:2)
  A warg (Orc:1)
  3 acid dragons
  14 water moccasins
  3 hell hounds (D:15)
  3 black bears
  3 ice beasts
  3 sky beasts
  An ice beast (shapeshifter) (D:15)
  20 orc warriors
  2 boggarts
  28 ogres
  9 wolves
  8 centaurs
  A lindwurm skeleton (Crypt:1)
  A phantom (Crypt:3)
  18 bullfrogs
  3 kobold brigands
  3 gnoll sergeants
  9 scorpions
  14 necrophages
  3 earth elementals (Elf:1)
  4 wights (D:10)
  10 wyvern skeletons
  10 killer bees
  A wolf zombie (Crypt:1)
  4 howler monkeys
  A hound (D:5)
  A jelly (D:4)
  20 orc priests
  2 gnoll boudas
  A sleepcap (D:7)
  4 iguanas
  27 orc wizards
  6 hell rats (D:6)
  An ice beast zombie (Crypt:1)
  A tengu skeleton (Crypt:2)
  2 hound skeletons
  10 adders
  27 gnolls
  17 river rats (D:6)
  A shadow imp (D:6)
  4 white imps
  2 ufetubi (D:4)
  4 worms
  An adder skeleton (Crypt:1)
  A lava snake skeleton (Crypt:1)
  4 dart slugs
  71 orcs
  5 ball pythons
  7 endoplasms
  3 giant cockroaches (D:2)
  11 goblins
  3 hobgoblins
  4 quokkas (D:1)
  5 bats
  3 frilled lizards
  11 kobolds
  4 rats
  A river rat skeleton (Crypt:2)
  A spectral weapon (Depths:3)
2244 creatures vanquished.

Vanquished Creatures (collateral kills)
  Xtahua (Crypt:2)
  A golden dragon (Zot:1)
  2 electric golems
  A pandemonium lord (Zot:5)
  A tentacled monstrosity (Zot:3)
  4 Orb Guardians (Zot:5)
  A walking crystal tome (Depths:4)
  3 shadow dragons
  A storm dragon (Depths:4)
  An azure jelly (Slime:5)
  A rockslime (Slime:5)
  3 draconian scorchers
  2 green draconians (Zot:4)
  A spriggan defender (Depths:3)
  A stone giant (Depths:4)
  3 very ugly things (Depths:4)
  3 red draconians
  2 spark wasps (Depths:3)
  3 purple draconians
  3 white draconians
  A yellow draconian (Zot:1)
  A deep elf death mage (Crypt:1)
  An ettin (Depths:4)
  Snorg (Lair:3)
  An eidolon (Crypt:3)
  A jiangshi (Depths:4)
  3 fire dragons
  2 ice dragons
  A quicksilver dragon skeleton (Vaults:4)
  An alligator snapping turtle (Shoals:2)
  2 two-headed ogres (Orc:2)
  2 deep troll earth magi
  A tengu warrior (Depths:3)
  A deep troll shaman (Depths:3)
  A spriggan berserker (Depths:4)
  A hell knight (Depths:3)
  A storm dragon zombie (Depths:2)
  A spriggan (Depths:4)
  A deep troll (Depths:4)
  A glowing orange brain (Depths:3)
  A necromancer (Depths:3)
  A harpy (shapeshifter) (Depths:4)
  An ugly thing (Depths:4)
  A moth of wrath (Zot:3)
  3 elephants (Lair:3)
  A black mamba (Lair:3)
  3 hornets
  A culicivora (Spider:1)
  A jumping spider (Spider:4)
  2 yaks
  Grum (D:10)
  A redback (Spider:1)
  An ogre (Orc:2)
  4 wolves
  A bullfrog (Lair:3)
  A spriggan zombie (Depths:3)
87 creatures vanquished.

Vanquished Creatures (others)
  2 fire giants
  A vault warden (Vaults:3)
  A Killer Klown zombie (Zot:5)
  4 very ugly thing zombies (Depths:4)
  2 quicksilver dragon zombies
  A spriggan zombie (Depths:3)
  9 Orb Guardian zombies (Zot:5)
  2 storm dragon zombies
  4 draconian zombies
  A deep elf pyromancer (D:14)
  An ugly thing zombie (Depths:4)
  An elf zombie (Crypt:1)
  A yellow draconian zombie (Zot:1)
  3 green draconian zombies
  2 white draconian zombies
  A purple draconian zombie (Zot:3)
  4 black draconian zombies
  An iron troll zombie (Depths:3)
  3 moth of wrath zombies (Zot:3)
  An ettin zombie (Depths:4)
  2 human zombies (Depths:3)
  3 deep troll zombies
  A quasit (D:14)
51 creatures vanquished.

Grand Total: 2382 creatures vanquished

Notes
Turn   | Place    | Note
-------+----------+-------------------------------------------
     0 | D:1      | Gladio the Gnoll Fighter began the quest for the Orb.
     0 | D:1      | Reached XP level 1. HP: 23/23 MP: 1/1
   212 | D:1      | Reached XP level 2. HP: 29/29 MP: 2/2
   802 | D:1      | Reached XP level 3. HP: 35/35 MP: 3/3
  1116 | D:2      | Reached skill level 1 in Invocations
  1382 | D:2      | Found a stormy altar of Qazlal.
  1451 | D:2      | Reached skill level 1 in Short Blades
  1451 | D:2      | Reached skill level 1 in Long Blades
  1451 | D:2      | Reached skill level 1 in Axes
  1451 | D:2      | Reached skill level 1 in Maces & Flails
  1451 | D:2      | Reached skill level 1 in Staves
  1451 | D:2      | Reached skill level 1 in Ranged Weapons
  1451 | D:2      | Reached skill level 1 in Throwing
  1451 | D:2      | Reached skill level 1 in Dodging
  1451 | D:2      | Reached skill level 1 in Stealth
  1451 | D:2      | Reached skill level 1 in Unarmed Combat
  1451 | D:2      | Reached skill level 1 in Spellcasting
  1451 | D:2      | Reached skill level 1 in Evocations
  1454 | D:2      | Reached skill level 1 in Conjurations
  1454 | D:2      | Reached skill level 1 in Hexes
  1454 | D:2      | Reached skill level 1 in Summonings
  1454 | D:2      | Reached skill level 1 in Necromancy
  1454 | D:2      | Reached skill level 1 in Translocations
  1454 | D:2      | Reached skill level 1 in Transmutations
  1454 | D:2      | Reached skill level 1 in Fire Magic
  1454 | D:2      | Reached skill level 1 in Ice Magic
  1454 | D:2      | Reached skill level 1 in Air Magic
  1454 | D:2      | Reached skill level 1 in Earth Magic
  1454 | D:2      | Reached skill level 1 in Poison Magic
  1454 | D:2      | Reached skill level 1 in Shapeshifting
  1454 | D:2      | Reached XP level 4. HP: 22/41 MP: 5/5
  1475 | D:2      | Reached XP level 5. HP: 32/47 MP: 6/6
  2330 | D:3      | Found an ancient bone altar of Kikubaaqudgha.
  2837 | D:4      | Noticed Grinder
  2846 | D:3      | Reached XP level 6. HP: 46/53 MP: 8/8
  2945 | D:3      | Reached skill level 5 in Polearms
  3068 | D:4      | Reached skill level 2 in Unarmed Combat
  3092 | D:4      | Found Pigri's Jewellery Shoppe.
  3153 | D:4      | Found a runed translucent door.
  3154 | D:4      | Noticed Crazy Yiuf
  3717 | D:4      | Reached XP level 7. HP: 59/59 MP: 10/10
  3915 | D:4      | Paralysed by Grinder for 4 turns
  3922 | D:4      | Paralysed by Grinder for 2 turns
  3932 | D:4      | Killed Grinder
  4153 | D:4      | Crazy Yiuf changed into Crazy Yiuf the kobold
  4153 | D:4      | Noticed Crazy Yiuf
  4159 | D:4      | Killed Crazy Yiuf the kobold
  4189 | D:5      | Entered Level 5 of the Dungeon
  4262 | D:5      | Reached XP level 8. HP: 67/67 MP: 12/12
  4392 | D:5      | Reached skill level 3 in Unarmed Combat
  4575 | D:5      | Found a transporter.
  4576 | D:5      | Found a transporter.
  4642 | D:5      | Identified the +1 trident "Xeypug" {venom, Fragile rElec
                  | rC+ Dex+2}
  4642 | D:5      | Identified the +2 scale mail of Chimes {+Inv rF- Str+4
                  | Dex+3}
  4687 | D:5      | Found a glowing silver altar of Zin.
  4688 | D:5      | Found a basalt altar of Yredelemnul.
  4706 | D:5      | Identified the ring "Keonlyph" {rN+ Dex+3}
  4709 | D:5      | Identified the +3 ring mail of Gaitsuts {*Slow Int+5 Dex+3}
  4728 | D:5      | Noticed stonewall's ghost (amateur MfGl)
  4933 | D:5      | Killed stonewall's ghost
  5405 | D:6      | Reached skill level 4 in Unarmed Combat
  5410 | D:6      | Reached XP level 9. HP: 59/73 MP: 10/14
  5477 | D:6      | Found a staircase to the Ecumenical Temple.
  5497 | Temple   | Entered the Ecumenical Temple
  5516 | Temple   | Became a worshipper of Ashenzari the Shackled
  5803 | D:6      | Found the +2 ratskin cloak {*Rats rPois rN+ Str-1 Int-1
                  | Dex+1}
  5944 | D:6      | Found a blossoming altar of Fedhas.
  5987 | D:7      | Identified the "Werphitt"
  6044 | D:7      | Reached skill level 5 in Unarmed Combat
  6086 | D:7      | Noticed a hornet
  6098 | D:7      | Noticed a troll
  6099 | D:7      | Killed a hornet
  6100 | D:7      | Reached skill level 5 in Invocations
  6104 | D:7      | Killed a troll
  6114 | D:7      | Reached XP level 10. HP: 75/80 MP: 14/17
  6118 | D:7      | Reached skill level 6 in Unarmed Combat
  6224 | D:7      | Found the +0 mask of the Dragon {Will+ Slay+3 SInv}
  6226 | D:7      | Identified the +8 dagger "Tuqiroqi" {speed, *Noise rElec
                  | rF++ rCorr}
  6249 | D:7      | Reached skill level 5 in Short Blades
  6249 | D:7      | Reached skill level 5 in Long Blades
  6249 | D:7      | Reached skill level 5 in Axes
  6249 | D:7      | Reached skill level 5 in Maces & Flails
  6249 | D:7      | Reached skill level 5 in Staves
  6249 | D:7      | Reached skill level 5 in Ranged Weapons
  6249 | D:7      | Reached skill level 5 in Throwing
  6249 | D:7      | Reached skill level 5 in Dodging
  6249 | D:7      | Reached skill level 5 in Stealth
  6249 | D:7      | Reached skill level 5 in Spellcasting
  6249 | D:7      | Reached skill level 5 in Evocations
  6253 | D:7      | Found a glowing silver altar of Zin.
  6254 | D:7      | Found an iron altar of Okawaru.
  6255 | D:7      | Found a snail-covered altar of Cheibriados.
  6255 | D:7      | Found a shimmering blue altar of Sif Muna.
  7057 | D:8      | Reached * piety under Ashenzari
  7333 | D:8      | Found a white marble altar of Elyvilon.
  7435 | D:8      | Reached ** piety under Ashenzari
  7534 | D:8      | Found an iron altar of Okawaru.
  7597 | D:9      | Found a staircase to the Lair.
  7710 | D:9      | Reached skill level 5 in Shapeshifting
  7720 | D:9      | Reached skill level 7 in Unarmed Combat
  7803 | D:9      | Found Kurgh's Weapon Boutique.
  7854 | D:9      | Noticed a white ugly thing
  7871 | D:9      | Killed a white ugly thing
  7882 | D:9      | Reached XP level 11. HP: 84/87 MP: 17/19
  8002 | D:9      | Reached skill level 5 in Conjurations
  8002 | D:9      | Reached skill level 5 in Hexes
  8002 | D:9      | Reached skill level 5 in Summonings
  8002 | D:9      | Reached skill level 5 in Necromancy
  8002 | D:9      | Reached skill level 5 in Translocations
  8002 | D:9      | Reached skill level 5 in Transmutations
  8002 | D:9      | Reached skill level 5 in Fire Magic
  8002 | D:9      | Reached skill level 5 in Ice Magic
  8002 | D:9      | Reached skill level 5 in Air Magic
  8002 | D:9      | Reached skill level 5 in Earth Magic
  8002 | D:9      | Reached skill level 5 in Poison Magic
  8022 | D:9      | Reached skill level 8 in Unarmed Combat
  8859 | D:10     | Entered Level 10 of the Dungeon
  8929 | D:10     | Noticed a death knight
  8930 | D:10     | Noticed a centaur warrior
  8932 | D:10     | Found a transporter.
  8956 | D:10     | Noticed kal9871's ghost (journeyman TrSu)
  9082 | D:10     | Found a transporter.
  9097 | D:10     | Noticed Grum
  9119 | D:10     | Killed Grum
  9428 | D:10     | Found Ybbulya's Jewellery Shop.
  9455 | D:10     | Bought the amulet "Sarura" {Spirit Rampage rC+} for 572
                  | gold pieces
  9700 | D:10     | Noticed a five-headed hydra
  9709 | D:10     | Killed a five-headed hydra
  9710 | D:10     | Reached skill level 9 in Unarmed Combat
  9815 | D:10     | Noticed a four-headed hydra
  9825 | D:10     | Killed a four-headed hydra
  9826 | D:10     | Reached XP level 12. HP: 97/97 MP: 22/22
  9895 | D:10     | Noticed a boulder beetle
  9912 | D:10     | Killed a boulder beetle
  9952 | D:10     | Identified the +4 war axe of Huoduz {flame, rF+ Int-4
                  | Dex+4}
 10174 | Lair:1   | Entered Level 1 of the Lair of Beasts
 10250 | Lair:1   | Reached skill level 10 in Fighting
 10250 | Lair:1   | Reached skill level 10 in Armour
 10250 | Lair:1   | Reached skill level 10 in Shields
 10275 | Lair:1   | Reached skill level 10 in Unarmed Combat
 10692 | Lair:1   | Noticed a skyshark
 10706 | Lair:1   | Killed a skyshark
 10839 | Lair:1   | You fall into a shaft and drop 1 floor!
 10839 | Lair:2   | Noticed Prince Ribbit
 10845 | Lair:2   | Killed Prince Ribbit
 11124 | Lair:2   | Learned a level 1 spell: Apportation
 11127 | Lair:2   | Learned a level 2 spell: Poisonous Vapours
 11132 | Lair:2   | Learned a level 4 spell: Manifold Assault
 11301 | Lair:2   | Found a runed translucent gate.
 11301 | Lair:2   | Found a runed translucent gate.
 11301 | Lair:2   | Found a runed translucent gate.
 11305 | Lair:2   | Noticed a minotaur
 11305 | Lair:2   | Noticed Jano's ghost (journeyman DjEE)
 11313 | Lair:2   | Reached *** piety under Ashenzari
 12204 | Lair:3   | Reached XP level 13. HP: 88/104 MP: 20/25
 12311 | Lair:3   | Reached skill level 11 in Unarmed Combat
 12314 | Lair:3   | Noticed Snorg
 12551 | Lair:3   | Found a hole to the Spider Nest.
 12582 | Lair:3   | Killed Snorg
 13186 | Lair:4   | Noticed Sonja
 13197 | Lair:4   | Killed Sonja
 13432 | Lair:4   | Noticed ripuliukko's ghost (journeyman GrEE)
 13462 | Lair:4   | Found a bloodstained altar of Trog.
 13468 | Lair:4   | Found a transporter.
 13471 | Lair:4   | Found a transporter.
 13549 | Lair:4   | Reached **** piety under Ashenzari
 13572 | Lair:4   | Reached skill level 10 in Polearms
 13751 | Lair:4   | Reached skill level 12 in Unarmed Combat
 13758 | Lair:4   | Reached XP level 14. HP: 50/113 MP: 14/27
 14064 | Lair:4   | Found a runed translucent door.
 14066 | Lair:4   | Found a viscous altar of Jiyva.
 14068 | Lair:4   | Noticed an azure jelly
 14069 | Lair:4   | Found a staircase to the Slime Pits.
 14070 | Lair:4   | Noticed an azure jelly
 14070 | Lair:4   | Noticed an azure jelly
 14249 | Lair:5   | Entered Level 5 of the Lair of Beasts
 14334 | Lair:5   | Identified the +2 pair of gloves of the Furies {rElec
                  | Slay+2}
 14653 | Lair:5   | Found a snail-covered altar of Cheibriados.
 14669 | Lair:5   | Reached skill level 10 in Invocations
 15172 | Lair:5   | Reached ***** piety under Ashenzari
 15304 | Lair:5   | Noticed a dire elephant
 15319 | Lair:5   | Killed a dire elephant
 15528 | Lair:5   | Reached skill level 13 in Unarmed Combat
 16056 | Lair:5   | Found a runed translucent door.
 16407 | Lair:5   | Reached XP level 15. HP: 58/125 MP: 15/31
 16835 | D:11     | Noticed Nergalle
 16842 | D:11     | Killed Nergalle
 16946 | D:11     | Identified the amulet of Fiudis {Spirit Slay+2}
 16947 | D:11     | Noticed lis82's ghost (journeyman DgIE)
 16980 | D:11     | Found a runed translucent gate.
 16980 | D:11     | Found a runed translucent gate.
 16981 | D:11     | Found a runed translucent gate.
 17064 | D:11     | Reached skill level 10 in Short Blades
 17064 | D:11     | Reached skill level 10 in Long Blades
 17064 | D:11     | Reached skill level 10 in Axes
 17064 | D:11     | Reached skill level 10 in Maces & Flails
 17064 | D:11     | Reached skill level 10 in Staves
 17064 | D:11     | Reached skill level 10 in Ranged Weapons
 17064 | D:11     | Reached skill level 10 in Throwing
 17064 | D:11     | Reached skill level 10 in Dodging
 17064 | D:11     | Reached skill level 10 in Stealth
 17064 | D:11     | Reached skill level 10 in Spellcasting
 17064 | D:11     | Reached skill level 10 in Evocations
 17367 | D:11     | Found a staircase to the Orcish Mines.
 17724 | D:12     | Found a runed translucent door.
 17733 | D:12     | Noticed ripuliukko's ghost (journeyman GrEE)
 19297 | D:14     | Noticed Louise
 19298 | D:14     | Louise changed into Louise the culicivora
 19298 | D:14     | Noticed Louise
 19305 | D:14     | Killed Louise the culicivora
 19353 | D:14     | Noticed Kirke
 19367 | D:14     | Killed Kirke
 19765 | D:14     | Found a gate to the Vaults.
 19774 | D:14     | Reached skill level 14 in Unarmed Combat
 20076 | D:15     | Entered Level 15 of the Dungeon
 20227 | D:15     | Noticed Josephine
 20238 | D:15     | Killed Josephine
 20353 | D:15     | Found a staircase to the Depths.
 20495 | D:15     | Reached XP level 16. HP: 125/134 MP: 30/32
 20787 | D:15     | Found Dimuro's Demolitions Depot.
 20821 | D:15     | Found Hoqe's Mayhem Merchandise.
 20899 | D:15     | Reached skill level 10 in Shapeshifting
 20900 | D:15     | Noticed Azrael
 20912 | D:15     | Killed Azrael
 21429 | Orc:1    | Entered Level 1 of the Orcish Mines
 21463 | Orc:1    | Noticed Erica
 21476 | D:11     | Killed Erica
 21727 | Orc:2    | Entered Level 2 of the Orcish Mines
 21812 | Orc:2    | Found a staircase to the Elven Halls.
 21879 | Orc:2    | Found Oprecer's Armour Boutique.
 21879 | Orc:2    | Found Plog's Armour Emporium.
 21882 | Orc:2    | Found Quem's Distillery.
 21882 | Orc:2    | Found Mojenydu's General Store.
 21902 | Orc:2    | Reached skill level 15 in Unarmed Combat
 21940 | Orc:2    | Bought a potion of heal wounds for 70 gold pieces
 21940 | Orc:2    | Bought a potion of haste for 140 gold pieces
 21940 | Orc:2    | Bought a potion of curing for 42 gold pieces
 21940 | Orc:2    | Bought a potion of heal wounds for 70 gold pieces
 21940 | Orc:2    | Bought a potion of curing for 42 gold pieces
 22760 | Spider:1 | Entered Level 1 of the Spider Nest
 23511 | Spider:1 | Reached XP level 17. HP: 103/142 MP: 34/34
 24896 | Spider:2 | Reached skill level 10 in Conjurations
 24896 | Spider:2 | Reached skill level 10 in Hexes
 24896 | Spider:2 | Reached skill level 10 in Summonings
 24896 | Spider:2 | Reached skill level 10 in Necromancy
 24896 | Spider:2 | Reached skill level 10 in Translocations
 24896 | Spider:2 | Reached skill level 10 in Transmutations
 24896 | Spider:2 | Reached skill level 10 in Fire Magic
 24896 | Spider:2 | Reached skill level 10 in Ice Magic
 24896 | Spider:2 | Reached skill level 10 in Air Magic
 24896 | Spider:2 | Reached skill level 10 in Earth Magic
 24896 | Spider:2 | Reached skill level 10 in Poison Magic
 25370 | Spider:2 | Reached skill level 16 in Unarmed Combat
 26049 | Spider:3 | Learned a level 3 spell: Gell's Gravitas
 26054 | Spider:3 | Learned a level 4 spell: Passage of Golubria
 26059 | Spider:3 | Learned a level 4 spell: Olgreb's Toxic Radiance
 26947 | Spider:4 | Entered Level 4 of the Spider Nest
 26948 | Spider:4 | Identified the +3 war axe "Bipi" {drain, Fly rF+ Dex+5
                  | SInv}
 27721 | Spider:4 | Noticed Doitsug's ghost (adept KoAr)
 27722 | Spider:4 | Found a runed translucent door.
 27758 | Spider:4 | Killed Doitsug's ghost
 28063 | Spider:4 | Reached XP level 18. HP: 102/149 MP: 28/36
 28897 | Spider:4 | Got a gossamer rune of Zot
 29145 | Spider:4 | Identified the +0 pair of gloves of the Summoning Gods
                  | {rCorr}
 29320 | Shoals:1 | Entered Level 1 of the Shoals
 29711 | Shoals:1 | Reached skill level 17 in Unarmed Combat
 29976 | Shoals:2 | Found Taufab's Book Emporium.
 30087 | Shoals:2 | Identified the +8 long sword "Humperyxu" {flame, *Noise rF+
                  | Int+2}
 32198 | Shoals:3 | Identified the +3 quarterstaff "Qoack" {flame, Contam
                  | +Blink rCorr Str+5}
 33098 | Shoals:4 | Entered Level 4 of the Shoals
 33499 | Shoals:4 | Found Mahicivi's Antique Weapon Shoppe.
 33508 | Shoals:4 | Reached XP level 19. HP: 132/159 MP: 38/38
 33864 | Shoals:4 | Got a barnacled rune of Zot
 33994 | Shoals:4 | Identified the +4 shortbow of Hatred {antimagic, Int+4}
 34932 | Vaults:1 | Entered Level 1 of the Vaults
 35052 | Vaults:1 | Reached skill level 18 in Unarmed Combat
 35055 | Vaults:1 | Found Pietrid's Weapon Shop.
 35056 | Vaults:1 | Found Meixt's Magic Scroll Shop.
 35057 | Vaults:1 | Found Sogijoumn's Antique Armour Shop.
 35116 | Vaults:1 | Bought 2 scrolls of teleportation for 120 gold pieces
 35116 | Vaults:1 | Bought a scroll of immolation for 80 gold pieces
 35116 | Vaults:1 | Bought a scroll of teleportation for 60 gold pieces
 35116 | Vaults:1 | Bought a scroll of enchant armour for 150 gold pieces
 35116 | Vaults:1 | Bought a scroll of fear for 80 gold pieces
 35125 | Vaults:1 | Found a flickering gateway to a bazaar.
 35134 | Bazaar   | Entered a bazaar
 35134 | Bazaar   | Found Bahumoeshe's Antique Weapon Emporium.
 35138 | Bazaar   | Bought a bloodstained war axe for 340 gold pieces
 35138 | Bazaar   | Identified the +9 war axe "Xoic" {pain, Contam rF+ rCorr
                  | SInv Stlth+} (You bought it in a shop in a bazaar)
 35143 | Bazaar   | Found Seibleh's Book Boutique.
 35151 | Bazaar   | Found Gufos's General Store.
 35159 | Bazaar   | Bought 2 potions of cancellation for 208 gold pieces
 35159 | Bazaar   | Bought a potion of curing for 39 gold pieces
 35162 | Bazaar   | Found Maloc's Magic Scroll Emporium.
 35170 | Bazaar   | Bought a scroll of fear for 40 gold pieces
 35170 | Bazaar   | Bought a scroll of enchant armour for 75 gold pieces
 35170 | Bazaar   | Bought a scroll of brand weapon for 95 gold pieces
 35174 | Bazaar   | Found Cudobav's Antique Armour Shop.
 37241 | Vaults:2 | Reached skill level 15 in Fighting
 37241 | Vaults:2 | Reached skill level 15 in Armour
 37241 | Vaults:2 | Reached skill level 15 in Shields
 37258 | Vaults:2 | Found a staircase to the Crypt.
 37319 | Vaults:2 | Reached XP level 20. HP: 147/168 MP: 27/39
 38059 | Vaults:2 | Reached skill level 15 in Invocations
 38703 | Vaults:3 | Noticed a golden dragon
 38710 | Vaults:3 | Killed a golden dragon
 38994 | Vaults:3 | Identified the serpent talisman of Fonazuw {rElec rF+
                  | Int+3}
 38994 | Vaults:3 | Noticed Aizul
 39008 | Vaults:3 | Killed Aizul
 39354 | Vaults:3 | Reached skill level 19 in Unarmed Combat
 40159 | Vaults:3 | Identified the +9 sling "Ofulleut" {drain, rF+ rCorr Str-3}
 40164 | Vaults:3 | Noticed Nikola
 40173 | Vaults:3 | Killed Nikola
 40511 | Desolati | Identified the "Nusoam"
 40511 | Desolati | Identified the of Sirhog
 40511 | Desolati | Identified the of Elosoe
 40511 | Desolati | Identified the of Xowietsir
 40511 | Desolati | Identified the "Cuhigezeeh"
 40511 | Desolati | Identified the of Momo
 41116 | Vaults:4 | Reached skill level 15 in Polearms
 41148 | Vaults:4 | Found the +2 Maxwell's thermic engine {flame, freeze, rev}
 41273 | Vaults:4 | Found a crumbling gateway.
 41339 | Vaults:4 | Reached XP level 21. HP: 164/176 MP: 26/41
 41801 | Vaults:4 | Found Ririox's Assorted Antiques.
 41809 | Vaults:4 | Bought a potion of invisibility for 304 gold pieces
 41809 | Vaults:4 | Bought 2 potions of mutation for 608 gold pieces
 42213 | Vaults:4 | Found Betzeid's Assorted Antiques.
 42217 | Vaults:4 | Bought a potion of heal wounds for 215 gold pieces
 42217 | Vaults:4 | Bought a scroll of enchant armour for 322 gold pieces
 42719 | Vaults:5 | Identified the "Sihado Jeol"
 42719 | Crypt:2  | Identified the "Melaf"
 42719 | Elf:1    | Entered Level 1 of the Elven Halls
 43246 | Elf:1    | Identified the +1 leather armour "Moodumy" {+Blink +Inv}
 43246 | Elf:1    | Found the amulet of the Air {Inacc Air Fly rElec RMsl}
 43246 | Elf:1    | Noticed Olga's ghost (adept FoFi)
 43255 | Elf:1    | Found a runed translucent gate.
 43255 | Elf:1    | Found a runed translucent gate.
 43256 | Elf:1    | Found a runed translucent gate.
 43516 | Elf:1    | Killed Olga's ghost
 44210 | Elf:2    | Reached skill level 20 in Unarmed Combat
 44227 | Elf:2    | Found Xukefeor's General Store.
 44239 | Elf:2    | Identified the +12 short sword of the Head {speed, rElec
                  | Str+4}
 44281 | Elf:2    | Identified the cursed +0 tower shield of the Prescient
                  | Planets {Melee, Fort} (You found it on level 7 of the
                  | Dungeon)
 44752 | Elf:2    | Found a huge runed translucent gate.
 44752 | Elf:2    | Found a huge runed translucent gate.
 44752 | Elf:2    | Found a huge runed translucent gate.
 44753 | Elf:2    | Found a huge runed translucent gate.
 44755 | Elf:2    | Found a huge runed translucent gate.
 45829 | Elf:3    | Identified the "Uteoqemp"
 45829 | Elf:3    | Entered Level 3 of the Elven Halls
 45846 | Elf:3    | Reached skill level 15 in Short Blades
 45846 | Elf:3    | Reached skill level 15 in Long Blades
 45846 | Elf:3    | Reached skill level 15 in Axes
 45846 | Elf:3    | Reached skill level 15 in Maces & Flails
 45846 | Elf:3    | Reached skill level 15 in Staves
 45846 | Elf:3    | Reached skill level 15 in Ranged Weapons
 45846 | Elf:3    | Reached skill level 15 in Throwing
 45846 | Elf:3    | Reached skill level 15 in Dodging
 45846 | Elf:3    | Reached skill level 15 in Stealth
 45846 | Elf:3    | Reached skill level 15 in Spellcasting
 45846 | Elf:3    | Reached skill level 15 in Evocations
 46726 | Elf:3    | Reached XP level 22. HP: 170/184 MP: 27/43
 47034 | Elf:3    | Identified the +0 flail of Iconoclasm {flame, rF- Dex+4}
 47037 | Elf:3    | Identified the +7 halberd of Capital Punishment {drain,
                  | *Rage rF+ rC+ rN+}
 47037 | Elf:3    | Identified the ring "Lyido" {Fly rF++ rCorr SInv}
 47364 | Elf:3    | Identified the staff of Breach {rPois Int+3 Dex+4 Poison}
 47478 | Elf:3    | Found the macabre finger necklace {Finger+ rN+}
 47478 | Elf:3    | Identified the staff "Zuanoc" {*Corrode rPois Dex-3 Stlth+
                  | Earth}
 47565 | Elf:3    | Identified the +3 short sword of Ysirraa {flame, +Blink rC-
                  | rCorr Int+4}
 47620 | Elf:3    | Learned a level 4 spell: Animate Dead
 47626 | Elf:3    | Learned a level 5 spell: Alistair's Intoxication
 47632 | Elf:3    | Learned a level 5 spell: Silence
 47638 | Elf:3    | Learned a level 5 spell: Summon Forest
 47641 | Elf:3    | Learned a level 2 spell: Wereblood
 47647 | Elf:3    | Learned a level 5 spell: Borgnjor's Vile Clutch
 47718 | Elf:3    | Gained mutation: Potions are less effective at restoring
                  | your health. [mutagenic glow]
 47724 | Elf:3    | Lost mutation: Potions are less effective at restoring your
                  | health. [potion of mutation]
 47725 | Elf:3    | Gained mutation: Your muscles are strong. (Str +4, Int/Dex
                  | -1) [mutagenic glow]
 47999 | Depths:1 | Entered Level 1 of the Depths
 48084 | Depths:1 | Found a gateway to Hell.
 48265 | Depths:1 | Found a shadowy altar of Dithmenos.
 48361 | Depths:1 | Found a one-way gateway to a ziggurat.
 48598 | Depths:1 | Found a one-way gate leading to the halls of Pandemonium.
 50425 | Depths:2 | Reached skill level 21 in Unarmed Combat
 50799 | Depths:2 | Identified the +11 war axe of Doom {flame, rPois}
 50995 | Depths:3 | Reached XP level 23. HP: 189/196 MP: 19/45
 50995 | Depths:3 | Noticed Margery
 51016 | Depths:3 | Killed Margery
 51041 | Depths:3 | Noticed the Enchantress
 51057 | Depths:3 | Killed the Enchantress
 51330 | Depths:3 | Found a one-way gate to the infinite horrors of the Abyss.
 51946 | Depths:4 | Entered Level 4 of the Depths
 52369 | Depths:4 | Noticed a juggernaut
 52377 | Depths:4 | Noticed a juggernaut
 52386 | Depths:4 | Killed a juggernaut
 52391 | Depths:4 | Killed a juggernaut
 52400 | Depths:4 | Noticed a juggernaut
 52427 | Depths:4 | Killed a juggernaut
 52432 | Depths:4 | HP: 7/197 [frost giant/bolt of cold (33)]
 52759 | Depths:4 | Noticed a golden dragon
 52772 | Depths:4 | Reached skill level 15 in Shapeshifting
 52806 | Depths:4 | Killed a golden dragon
 52807 | Depths:4 | Reached skill level 22 in Unarmed Combat
 52975 | Depths:4 | Reached XP level 24. HP: 205/205 MP: 46/46
 53548 | Depths:4 | Found a gate to the Realm of Zot.
 53872 | Crypt:1  | Entered Level 1 of the Crypt
 54548 | Crypt:1  | Noticed Donald
 54561 | Crypt:1  | Killed Donald
 56171 | Crypt:2  | Noticed Xtahua
 56184 | Crypt:2  | Killed Xtahua
 56854 | Crypt:2  | Identified the +10 shortbow of the Scavenger {drain, rC+++
                  | Will- Str+2}
 57787 | Crypt:3  | Entered Level 3 of the Crypt
 58359 | Crypt:3  | Found a basalt altar of Yredelemnul.
 58723 | Crypt:3  | Reached XP level 25. HP: 182/213 MP: 15/47
 58726 | Crypt:3  | Identified the ring of Zuzut {rN+ Str-4 Int-2 Dex+10}
 58729 | Crypt:3  | Identified the ring "Wuruyss" {Dex+6 Stlth+}
 58846 | Crypt:3  | Identified the ring of Cocraraf {rN+ Int+2}
 58855 | Crypt:3  | Found the +5 scythe "Finisher" {speed, execute}
 59183 | Crypt:3  | Reached skill level 23 in Unarmed Combat
 59351 | Crypt:3  | Found a staircase to the Tomb.
 59351 | Crypt:3  | Noticed a royal mummy
 59368 | Crypt:3  | Killed a royal mummy
 60156 | Crypt:3  | Identified the +2 scale mail of the Ornamental God {Dex+3}
 61368 | Slime:1  | Entered Level 1 of the Pits of Slime
 61852 | Slime:3  | Gained mutation: You occasionally lose the ability to drink
                  | potions when taking damage. [a shining eye]
 62045 | Slime:5  | Identified the "Xeimydgh"
 62045 | Slime:5  | Entered Level 5 of the Pits of Slime
 62197 | Slime:5  | Noticed the Royal Jelly
 62505 | Slime:5  | Lost mutation: Your muscles are strong. (Str +4, Int/Dex
                  | -1) [a shining eye]
 62513 | Slime:5  | Killed the Royal Jelly
 62842 | Slime:5  | Gained mutation: You are frail. (-10% HP) [a shining eye]
 62861 | Slime:5  | Gained mutation: Your body sometimes deteriorates upon
                  | taking damage. [a shining eye]
 62861 | Slime:5  | Gained mutation: You are covered in fur. (AC +1) [a shining
                  | eye]
 62862 | Slime:5  | Gained mutation: You occasionally shout uncontrollably at
                  | your foes. [a shining eye]
 62864 | Slime:5  | Gained mutation: You sometimes lose the ability to drink
                  | potions when taking damage. [a shining eye]
 62963 | Slime:5  | Identified the +1 scale mail of Wrong Decisions {Int+4}
 62963 | Slime:5  | Identified the ring "Taki" {Wiz Str-2 Dex+5}
 62964 | Slime:5  | Identified the +6 dagger "Metuatt" {holy, rF+}
 62964 | Slime:5  | Identified the ring of Ucoeg {rElec rF+ Will+ Stlth+}
 62964 | Slime:5  | Identified the +1 long sword "Haosh" {freeze, Int+2}
 62971 | Slime:5  | Identified the staff of Destruction {+Blink rElec Str-4
                  | Int-2 Earth}
 63015 | Slime:5  | Identified the ring of Oteg {rC+ Str+3}
 63223 | Slime:5  | Got a slimy rune of Zot
 63240 | Slime:5  | Lost mutation: You sometimes lose the ability to drink
                  | potions when taking damage. [potion of mutation]
 63240 | Slime:5  | Lost mutation: You are covered in fur. (AC +1) [potion of
                  | mutation]
 63240 | Slime:5  | Lost mutation: You are frail. (-10% HP) [potion of
                  | mutation]
 63240 | Slime:5  | Gained mutation: You expend magic power (3 MP) to
                  | strengthen your wands. [potion of mutation]
 63240 | Slime:5  | Gained mutation: You are weak. (Str -2) [potion of
                  | mutation]
 63240 | Slime:5  | Gained mutation: Your flesh is cold resistant. (rC+)
                  | [potion of mutation]
 63241 | Slime:5  | Lost mutation: You occasionally shout uncontrollably at
                  | your foes. [potion of mutation]
 63241 | Slime:5  | Lost mutation: You occasionally lose the ability to drink
                  | potions when taking damage. [potion of mutation]
 63241 | Slime:5  | Lost mutation: You are weak. (Str -2) [potion of mutation]
 63241 | Slime:5  | Gained mutation: You have extremely sharp teeth. [potion of
                  | mutation]
 63241 | Slime:5  | Gained mutation: You have a pair of small horns on your
                  | head. [potion of mutation]
 63241 | Slime:5  | Gained mutation: Your natural rate of healing is unusually
                  | fast. [potion of mutation]
 63241 | Slime:5  | Gained mutation: You are somewhat resistant to further
                  | mutation. [potion of mutation]
 63567 | Lair:4   | Identified the cursed +0 pair of boots of the Chained Sky
                  | {Melee, Bglg} (You found it on level 4 of the Spider Nest)
 63951 | Zot:1    | Entered Level 1 of the Realm of Zot
 64074 | Zot:1    | Found a white marble altar of Elyvilon.
 64074 | Zot:1    | Found a glowing silver altar of Zin.
 64075 | Zot:1    | Found a glowing golden altar of the Shining One.
 64590 | Zot:1    | Noticed an orb of fire
 64599 | Zot:1    | Gained mutation: You occasionally shout uncontrollably at
                  | your foes. [an orb of fire]
 64622 | Zot:1    | Killed an orb of fire
 64634 | Zot:1    | Reached skill level 15 in Conjurations
 64634 | Zot:1    | Reached skill level 15 in Hexes
 64634 | Zot:1    | Reached skill level 15 in Summonings
 64634 | Zot:1    | Reached skill level 15 in Necromancy
 64634 | Zot:1    | Reached skill level 15 in Translocations
 64634 | Zot:1    | Reached skill level 15 in Transmutations
 64634 | Zot:1    | Reached skill level 15 in Fire Magic
 64634 | Zot:1    | Reached skill level 15 in Ice Magic
 64634 | Zot:1    | Reached skill level 15 in Air Magic
 64634 | Zot:1    | Reached skill level 15 in Earth Magic
 64634 | Zot:1    | Reached skill level 15 in Poison Magic
 64892 | Zot:1    | Reached XP level 26. HP: 204/222 MP: 14/47
 65399 | Zot:2    | Reached XP level 27. HP: 230/230 MP: 47/47
 66067 | Zot:2    | Identified the +4 steam dragon scales "Jodurir" {rElec rC+
                  | Str+2 Slay+3}
 68343 | Zot:4    | Reached skill level 24 in Unarmed Combat
 68532 | Zot:4    | Found a runed translucent door.
 68532 | Zot:4    | Found a shimmering altar of Xom.
 68532 | Zot:4    | Identified the +1 great sword of Lies {chaos, Will+ Dex+4}
 68532 | Zot:4    | Noticed Calu's ghost (legendary KoHu)
 68779 | Zot:5    | Entered Level 5 of the Realm of Zot
 69275 | Zot:5    | Noticed an ancient lich
 69278 | Zot:5    | Noticed an ancient lich
 69286 | Zot:5    | Killed an ancient lich
 69290 | Zot:5    | Killed an ancient lich
 69317 | Zot:5    | Noticed an orb of fire
 69318 | Zot:5    | Gained mutation: You are weak. (Str -2) [an orb of fire]
 69320 | Zot:5    | Noticed an orb of fire
 69329 | Zot:5    | Killed an orb of fire
 69334 | Zot:5    | Noticed an orb of fire
 69353 | Zot:5    | Gained mutation: You are clumsy. (Dex -2) [an orb of fire]
 69354 | Zot:5    | Killed an orb of fire
 69361 | Zot:5    | Killed an orb of fire
 69513 | Zot:5    | Lost mutation: Your body sometimes deteriorates upon taking
                  | damage. [potion of mutation]
 69513 | Zot:5    | Lost mutation: You expend magic power (3 MP) to strengthen
                  | your wands. [potion of mutation]
 69533 | Zot:5    | Noticed an orb of fire
 69553 | Zot:5    | Killed an orb of fire
 69635 | Zot:5    | Noticed an orb of fire
 69737 | Zot:5    | Killed an orb of fire
 69896 | Zot:5    | Noticed an orb of fire
 69897 | Zot:5    | Lost mutation: You are somewhat resistant to further
                  | mutation. [an orb of fire]
 69903 | Zot:5    | Gained mutation: You are very weak. (Str -4) [an orb of
                  | fire]
 69907 | Zot:5    | Killed an orb of fire
 69910 | Zot:5    | Noticed an orb of fire
 69915 | Zot:5    | Noticed an orb of fire
 69918 | Zot:5    | Gained mutation: Your spells are a little easier to cast,
                  | but a little less powerful. [an orb of fire]
 69922 | Zot:5    | Killed an orb of fire
 69926 | Zot:5    | Gained mutation: You occasionally lose the ability to drink
                  | potions when taking damage. [an orb of fire]
 69931 | Zot:5    | Lost mutation: Your natural rate of healing is unusually
                  | fast. [an orb of fire]
 69933 | Zot:5    | Gained mutation: Your magical capacity is low. (-10% MP)
                  | [an orb of fire]
 69934 | Zot:5    | Killed an orb of fire
 69961 | Zot:5    | Lost mutation: You occasionally shout uncontrollably at
                  | your foes. [potion of mutation]
 69961 | Zot:5    | Lost mutation: You have a pair of small horns on your head.
                  | [potion of mutation]
 69961 | Zot:5    | Lost mutation: You occasionally lose the ability to drink
                  | potions when taking damage. [potion of mutation]
 69961 | Zot:5    | Gained mutation: You sometimes lose your temper in combat.
                  | [potion of mutation]
 69962 | Zot:5    | Lost mutation: Your flesh is cold resistant. (rC+) [potion
                  | of mutation]
 69962 | Zot:5    | Lost mutation: You are clumsy. (Dex -2) [potion of
                  | mutation]
 69962 | Zot:5    | Gained mutation: Armour fits poorly on your strangely
                  | shaped body. [potion of mutation]
 69962 | Zot:5    | Gained mutation: You are partially covered in iridescent
                  | scales. (AC +2) [potion of mutation]
 69963 | Zot:5    | Lost mutation: You sometimes lose your temper in combat.
                  | [potion of mutation]
 69963 | Zot:5    | Lost mutation: Your spells are a little easier to cast, but
                  | a little less powerful. [potion of mutation]
 69963 | Zot:5    | Lost mutation: You are partially covered in iridescent
                  | scales. (AC +2) [potion of mutation]
 69963 | Zot:5    | Gained mutation: Your flesh is cold resistant. (rC+)
                  | [potion of mutation]
 70118 | Zot:5    | Noticed an ancient lich
 70132 | Zot:5    | Killed an ancient lich
 70232 | Zot:5    | Got the Orb of Zot
 70272 | Zot:5    | Noticed Fuleown the pandemonium lord
 70284 | Zot:5    | Killed Fuleown the pandemonium lord
 70317 | Zot:5    | Noticed a seraph
 70363 | Zot:2    | Noticed a seraph
 70382 | Zot:1    | Noticed Ewes the pandemonium lord
 70403 | Zot:1    | Noticed Nadimala the pandemonium lord
 70425 | Depths:4 | Noticed Neovusa the pandemonium lord
 70443 | Depths:4 | Killed Neovusa the pandemonium lord
 70602 | D:14     | Noticed Malauh the pandemonium lord
 70921 | D:3      | Noticed a seraph
 71019 | D:$      | Escaped with the Orb!

Illustrated notes

Levels and vault maps discovered:
D:1:      kilobyte_arrival_exit_the_forest, layout_basic
D:2:      layout_loops_ring, basic_altar, kennysheep_cross_bottleneck
D:3:      layout_basic, mainiacjoe_overflow_brackets
D:4:      layout_loops_corners, serial_shops, nicolae_shop_tiny_glass,
          uniq_grinder, uniq_crazy_yiuf_cottage
D:5:      layout_loops_ring, nicolae_overflow_hidden_temple,
          gammafunk_ghost_gnarly_gnolls, hangedman_decor_peaks_small
D:6:      wander_guarded_unrand_ratskin, layout_rooms, fedhas_altar_4,
          minmay_temple_entry_stoned_glass, chequers_serial_rivers_micro_b
D:7:      minmay_the_grid_octo_tiled_squarecenter [minmay_the_grid_octo_clover,
          minmay_the_grid_octo_checkered, minmay_the_grid_octo_odd_swirl,
          minmay_the_grid_octo_shrine,
          minmay_the_grid_square_5x5_megaprize_diamond,
          minmay_the_grid_square_5x5_shrine1,
          minmay_the_grid_square_5x5_gyroscope, minmay_the_grid_square_5x5_v,
          minmay_the_grid_square_5x5_z], layout_gridville, dk_rats_in_the_wall
D:8:      layout_basic, mainiacjoe_overflow_small_starburst,
          kennysheep_okawaru_gauntlet
D:9:      layout_stronghold, david_lair_shrubbed, serial_shops,
          nicolae_shop_tiny_statue_garden, minmay_fractal_squares_diagonal_5
D:10:     minmay_sliced_demisemicircle, layout_basic, nzn_ghost_randoct,
          serial_shops, shop, uniq_grum
D:11:     layout_roguey [special_room_orc], hiddenorc1_lemuel,
          gammafunk_ghost_split, nicolae_elevator_lobby_asterisk, uniq_nergalle
D:12:     layout_roguey, hellmonk_ghost_big_iron, minmay_misc_feat_cross,
          minmay_misc_feat_plants
D:13:     layout_stronghold, lightli_fourway_metalbox
D:14:     layout_long_grid, lightli_vaults_fourway_checkpoint, uniq_louise,
          uniq_kirke
D:15:     grunt_enter_depths_snipers, layout_rooms,
          minmay_misc_feat_more_columns, minmay_shop_mayhem,
          nicolae_blasting_shop, uniq_azrael, uniq_josephine
Temple:   nicolae_temple_superstar
Lair:1:   layout_loops_ring
Lair:2:   layout_cave_pods, nicolae_shoals_entry_flooding,
          maelrawn_ghost_gauntlet_escape, uniq_prince_ribbit2
Lair:3:   layout_loops_ring, nicolae_spider_entry_non_spiders,
          grunt_forest_stairs_clearing, uniq_snorg
Lair:4:   layout_regular_city, slime_entry_2, gammafunk_ghost_wrathful_warriors,
          hellmonk_talismancer, uniq_sonja
Lair:5:   wormcave, layout_small_grid, hangedman_lair_in_review,
          grunt_forest_small_clearings, kennysheep_snail_temple
Shoals:1: layout_shoals
Shoals:2: layout_shoals, serial_shops, nicolae_shop_waterfront
Shoals:3: layout_shoals, hangedman_shoals_cup_caves
Shoals:4: shoals_end_grunt_garden, layout_shoals, serial_shops, shop
Spider:1: layout_spider_delve, nicolae_spider_webs_and_nodes,
          nicolae_spider_some_kinda_spiderbox
Spider:2: layout_chambers, hellmonk_spider_spawner
Spider:3: layout_cave_pods, hangedman_spider_tarantella_strand
Spider:4: guppyfry_spider_rune, hellmonk_ghost_happy_afterlife, drop_trap
Slime:1:  layout_caves
Slime:2:  layout_caves, nicolae_slime_phagocytosis
Slime:3:  layout_caves, cheibrodos_slime_lost_civilization_6
Slime:4:  layout_caves, basic_altar
Slime:5:  slime_pit
Orc:1:    layout_caves, uniq_erica
Orc:2:    st_orc_ogre_mass, layout_caves
Elf:1:    minmay_elf_arrival_circle, layout_geoelf_octagon,
          gammafunk_ghost_split, minivault_28
Elf:2:    elven_hall_of_blades_hangedman_alternative
          [nicolae_blade_entry_hurt_lockers], layout_geoelf_octagon,
          serial_shops, nicolae_diamond_shop
Elf:3:    elf_hall_gauntlet_wide, layout_onion_city, roderic_nine_men_s_morris
Vaults:1: nicolae_vaults_diamond_1, hangedman_vaults_hard_town_square,
          vaults_standard_mumra_x, nicolae_vaults_network_star,
          nicolae_vaults_hallways_thing, nicolae_vaults_wrenched,
          nicolae_vaults_network_periphery, vaults_mumra_chevron_long,
          nicolae_vaults_asterisk, v_misc_4, grunt_vaults_funnel,
          ontoclasm_vaults_pinch, hangedman_vaults_impose, v_alt_pattern_1,
          layout_vaults_maze, serial_shops, bzr_entry_customers
Vaults:2: mu_enter_wizlab_4, minmay_crypt_entry_simple_walls,
          nicolae_vaults_border_crossing, nicolae_vaults_closet_pinwheel_5,
          nicolae_vaults_turnstiles, nicolae_vaults_trapezoid_1,
          ontoclasm_vaults_bender, nicolae_vaults_surprise_closet,
          nicolae_vaults_trapezoid_1, nicolae_vaults_cochlea,
          nicolae_vaults_network_square, hangedman_vaults_corner,
          nicolae_vaults_house_1, layout_vaults_omnicross
Vaults:3: nicolae_vaults_puzzle_piece, v_misc_8,
          vaults_standard_mumra_enter_the_diamond, st_cross,
          nicolae_vaults_little_squares_6, nicolae_vaults_rhombus_5,
          nicolae_vaults_three_branches, ontoclasm_vaults_idyll,
          hangedman_vaults_slice, layout_vaults_omnigrid, uniq_nikola,
          uniq_aizul
Vaults:4: portal_desolation_entry_salt, nicolae_vaults_big_ls, v_misc_28,
          v_rooms_3, nicolae_vaults_offset_grid_hallway_1,
          vaults_room_large_hall, v_misc_30, vaults_mumra_hexcomb,
          nicolae_vaults_storage_room_statues, nicolae_vaults_more_shelving_2,
          vaults_room_guarded_vault, layout_vaults_big_room, serial_shops, shop,
          shop
Crypt:1:  layout_misc_corridors, grunt_megastairs_4, uniq_donald
Crypt:2:  hangedman_staggered_hall, layout_catacombs, minivault_5, uniq_xtahua
Crypt:3:  evilmike_haunted_forest
Depths:1: layout_small_grid, enter_ziggurat_b, glass_columns_b, hell_entry,
          grunt_pan_entry_sceptre, nicolae_dithmenos_the_darkroom
Depths:2: kennysheep_windowed_halls, layout_gridlike, pan_entry,
          minmay_misc_feat_chi, hangedman_geh_valley
Depths:3: kennysheep_room_grid, layout_cave_pools, hell_entry, abyss_entry,
          serial_co_window_serial, co_window_corner_a, co_window_paths_a,
          co_window_of_opportunity_a, co_window_corner_a, co_window_paths_b,
          co_window_paths_a, co_window_corner_a, co_window_cross_2,
          glass_columns_a, glass_columns_a, infiniplex_staircase_squiggle,
          uniq_enchantress, uniq_margery
Depths:4: grunt_runaround [grunt_runaround_doors_1, grunt_runaround_doors_2,
          grunt_runaround_doors_3, grunt_runaround_doors_4,
          grunt_runaround_zot], hell_entry, uniq_josephina, uniq_grunn
Zot:1:    layout_concentric_octagons, regret_index_zotdec_alabaster_prism,
          grunt_megastairs_2
Zot:2:    minmay_elemental_castle, layout_onion_interference
Zot:3:    kennysheep_ambush_hall, layout_onion
Zot:4:    layout_misc_corridors, ebering_ghost_xom
Zot:5:    layout_misc_corridors

Skill      XL: |  1  2  3  4  5  6  7  8  9 10 11 12 13 14 15 16 17 18 19 20 21 22 23 24 25 26 27 |
---------------+----------------------------------------------------------------------------------+-----
Invocations    | 1 2 3 4 5 6 7 8 9 10 11 12 13 14 15 16 17 18 19 20 | 20.5
Short Blades   | 1 2 3 4 5 7 8 9 10 11 12 13 14 15 16 17 19 | 19.0
Long Blades    | 1 2 3 4 5 7 8 9 10 11 12 13 14 15 16 17 19 | 19.0
Axes           | 1 2 3 4 5 7 8 9 10 11 12 13 14 15 16 17 19 | 19.0
Maces & Flails | 1 2 3 4 5 7 8 9 10 11 12 13 14 15 16 17 19 | 19.0
Staves         | 1 2 3 4 5 7 8 9 10 11 12 13 14 15 16 17 19 | 19.0
Ranged Weapons | 1 2 3 4 5 7 8 9 10 11 12 13 14 15 16 17 19 | 19.0
Throwing       | 1 2 3 4 5 7 8 9 10 11 12 13 14 15 16 17 19 | 19.0
Dodging        | 1 2 3 4 5 7 8 9 10 11 12 13 14 15 16 17 19 | 19.0
Stealth        | 1 2 3 4 5 7 8 9 10 11 12 13 14 15 16 17 19 | 19.0
Unarmed Combat | 1 2 4 5 7 9 10 12 13 14 15 16 17 18 19 20 21 22 23 24 | 24.4
Spellcasting   | 1 2 3 4 5 7 8 9 10 11 12 13 14 15 16 17 19 | 19.0
Evocations     | 1 2 3 4 5 7 8 9 10 11 12 13 14 15 16 17 19 | 19.0
Conjurations   | 1 2 3 4 5 6 7 8 9 10 11 12 13 14 15 16 | 16.2
Hexes          | 1 2 3 4 5 6 7 8 9 10 11 12 13 14 15 16 | 16.2
Summonings     | 1 2 3 4 5 6 7 8 9 10 11 12 13 14 15 16 | 16.2
Necromancy     | 1 2 3 4 5 6 7 8 9 10 11 12 13 14 15 16 | 16.2
Translocations | 1 2 3 4 5 6 7 8 9 10 11 12 13 14 15 16 | 16.2
Transmutations | 1 2 3 4 5 6 7 8 9 10 11 12 13 14 15 16 | 16.2
Fire Magic     | 1 2 3 4 5 6 7 8 9 10 11 12 13 14 15 16 | 16.2
Ice Magic      | 1 2 3 4 5 6 7 8 9 10 11 12 13 14 15 16 | 16.2
Air Magic      | 1 2 3 4 5 6 7 8 9 10 11 12 13 14 15 16 | 16.2
Earth Magic    | 1 2 3 4 5 6 7 8 9 10 11 12 13 14 15 16 | 16.2
Poison Magic   | 1 2 3 4 5 6 7 8 9 10 11 12 13 14 15 16 | 16.2
Shapeshifting  | 1 2 3 4 5 6 7 8 9 10 11 12 13 14 15 16 17 | 17.5
Polearms       | 5 6 7 8 9 10 11 12 13 14 15 16 17 18 19 21 | 21.2
Fighting       | 7 8 9 10 11 12 13 14 15 16 17 18 19 | 19.9
Armour         | 7 8 9 10 11 12 13 14 15 16 17 18 19 | 19.9
Shields        | 7 8 9 10 11 12 13 14 15 16 17 18 19 | 19.9

Action                     |  1- 3 |  4- 6 |  7- 9 | 10-12 | 13-15 | 16-18 | 19-21 | 22-24 | 25-27 || total
---------------------------+-------+-------+-------+-------+-------+-------+-------+-------+-------++-------
  Melee: Trident           |   107 |   205 |   189 |   419 |       |       |       |       |       ||   920
         Bite              |     5 |    28 |    20 |    71 |   153 |   224 |   136 |   272 |   272 ||  1181
         Unarmed           |       |       |     6 |       |       |       |       |       |       ||     6
         Flail             |       |       |    13 |       |       |       |       |       |       ||    13
         War axe           |       |       |    48 |   149 |   831 |  1399 |  1402 |   113 |       ||  3942
         Broad axe         |       |       |       |       |       |       |       |  1530 |  1738 ||  3268
         Headbutt          |       |       |       |       |       |       |       |       |   237 ||   237
  Throw: Dart              |       |     3 |     1 |     1 |     8 |       |       |       |       ||    13
         Javelin           |       |       |     2 |       |       |       |       |       |    17 ||    19
   Cast: Manifold Assault  |       |       |       |       |     1 |   106 |   271 |   222 |   293 ||   893
         Wereblood         |       |       |       |       |       |       |       |    25 |    32 ||    57
         Animate Dead      |       |       |       |       |       |       |       |    11 |    15 ||    26
         Alistair's Intoxi |       |       |       |       |       |       |       |     6 |     2 ||     8
         Summon Forest     |       |       |       |       |       |       |       |     1 |       ||     1
 Invoke: Curse Item        |       |       |       |     6 |     4 |     2 |     2 |     1 |       ||    15
         Shatter the Chain |       |       |       |     1 |     1 |     2 |     1 |     2 |       ||     7
  Evoke: Wand              |       |       |     8 |     4 |     6 |     8 |       |     7 |     9 ||    42
         Phantom mirror    |       |       |       |       |     1 |       |       |     1 |       ||     2
         Box of beasts     |       |       |       |       |     1 |     1 |       |       |     1 ||     3
    Use: Scroll            |       |     5 |     4 |     3 |     5 |     8 |    12 |     3 |    16 ||    56
         Potion            |       |       |     2 |     2 |     2 |     4 |     4 |     3 |    18 ||    35
   Stab: Sleeping          |       |       |     4 |     2 |     1 |       |       |       |       ||     7
         Invisible         |       |       |       |     3 |       |    21 |       |       |       ||    24
         Distracted        |       |       |       |       |     4 |     1 |       |    17 |    14 ||    36
         Petrified         |       |       |       |       |     3 |       |       |       |       ||     3
         Confused          |       |       |       |       |       |       |       |     2 |       ||     2
 Armour: Scale mail        |     9 |       |    38 |    28 |       |       |       |       |       ||    75
         Chain mail        |    35 |   117 |    76 |   325 |    77 |       |       |       |       ||   630
         Skin              |       |       |     1 |       |       |       |       |       |       ||     1
         Crystal plate arm |       |       |       |       |   523 |   989 |   279 |       |       ||  1791
         Gold dragon scale |       |       |       |       |       |       |   308 |   780 |  1168 ||  2256
  Dodge: Dodged            |    24 |    70 |    81 |   185 |   213 |   350 |   204 |   341 |   472 ||  1940
  Block: Buckler           |    15 |    54 |    24 |       |       |       |       |       |       ||    93
         Kite shield       |       |       |    47 |   324 |   611 |   913 |       |       |       ||  1895
         Tower shield      |       |       |       |       |       |    88 |   863 |  1063 |  1338 ||  3352
   Form: Beast             |     1 |       |       |       |       |       |       |       |       ||     1
                           |       |     1 |       |       |       |       |     1 |       |     1 ||     3
         Blade             |       |       |       |       |       |       |     1 |       |       ||     1
         Statue            |       |       |       |       |       |       |       |       |     1 ||     1

Table legend: (Time is in decaauts)
 A = Elapsed time spent in this place.
 B = Non-inter-level travel time spent in this place.
 C = Inter-level travel time spent in this place.
 D = Time resting spent in this place.
 E = Time spent auto-exploring this place.
 F = Levels seen in this place.
 G = Mean time per level.
                   A        B        C        D        E       F      G
               +--------+--------+--------+--------+--------+-----+--------+
         Total |  71157 |  63914 |   7243 |    173 |  51670 |  56 | 1270.7 |
       Dungeon |  16111 |  13775 |   2336 |      0 |  11040 |  15 | 1074.1 |
        Temple |     40 |      5 |     35 |      0 |      0 |   1 |   40.0 |
          Lair |   7700 |   6791 |    909 |      0 |   5544 |   5 | 1540.0 |
        Shoals |   5474 |   5146 |    328 |      0 |   4273 |   4 | 1368.5 |
   Spider Nest |   6097 |   5755 |    342 |      0 |   4694 |   4 | 1524.2 |
    Slime Pits |   1924 |   1673 |    251 |    162 |    976 |   5 |  384.8 |
  Orcish Mines |   1294 |   1121 |    173 |      0 |    919 |   2 |  647.0 |
   Elven Halls |   4911 |   4481 |    430 |      0 |   3700 |   3 | 1637.0 |
        Vaults |   8106 |   7544 |    562 |      0 |   6514 |   4 | 2026.5 |
         Crypt |   6491 |   5862 |    629 |      6 |   4765 |   3 | 2163.7 |
        Depths |   6289 |   5709 |    580 |      0 |   4594 |   4 | 1572.2 |
           Zot |   6623 |   5958 |    665 |      5 |   4623 |   5 | 1324.6 |
        Bazaar |     93 |     93 |      0 |      0 |     25 |   1 |   93.0 |
               +--------+--------+--------+--------+--------+-----+--------+

Top non-repeatable levels by time:
 Crypt:3: 3072 daAuts
  Lair:5: 2486 daAuts
 Crypt:2: 2257 daAuts
Spider:4: 2194 daAuts
Vaults:3: 2184 daAuts
Vaults:1: 2152 daAuts
Vaults:2: 2136 daAuts
   Elf:3: 1954 daAuts
Depths:4: 1935 daAuts
   Elf:2: 1681 daAuts
Depths:2: 1679 daAuts
     D:9: 1679 daAuts
Vaults:4: 1632 daAuts
Shoals:2: 1630 daAuts
   Zot:1: 1624 daAuts
